 Dungeon Crawl Stone Soup version 0.25-a0-189-gf71692caf1 (webtiles) character file.

Game seed: 16197926452256404970, levelgen mode: classic

61124 EnegeticOcto the Champion of Chaos (level 14, -7/129 HPs)
             Began as a Deep Dwarf Fighter on Nov 29, 2019.
             Was the Champion of Makhleb.
             Mangled by a death yak (17 damage)
             ... in an ice cave.
             The game lasted 00:15:19 (15040 turns).

EnegeticOcto the Champion of Chaos (DDFi)          Turns: 15040, Time: 00:15:20

Health: -7/129     AC: 25    Str: 23    XL:     14   Next: 59%
Magic:  16/16      EV: 13    Int: 11    God:    Makhleb [******]
Gold:   1288       SH:  2    Dex: 12    Spells: 13/13 levels left

rFire    . . .     SeeInvis .   K - +3 battleaxe (vamp)
rCold    . . .     Gourm    .   (shield currently unavailable)
rNeg     + . .     Faith    .   B - +3 chain mail
rPois    +         Spirit   .   t - +2 helmet
rElec    .         Reflect  +   (no cloak)
rCorr    .         Harm     .   y - +0 pair of gloves
MR       ++...                  D - +0 pair of boots
Stlth    ..........             J - +2 amulet of reflection
HPRegen  0.00/turn              r - ring of poison resistance
MPRegen  0.15/turn              F - +4 ring of protection

@: non-regenerating
A: damage resistance, heal wounds, negative energy resistance 1, sense
surroundings 2, no regeneration
a: Heal Wounds, Minor Destruction, Lesser Servant of Makhleb, Major Destruction,
Greater Servant of Makhleb, Renounce Religion


You were in an ice cave.
You worshipped Makhleb.
Makhleb was exalted by your worship.
You were not hungry.

You visited 4 branches of the dungeon, and saw 19 of its levels.
You also visited: Sewer and Ice Cave.

You collected 1726 gold pieces.
You spent 438 gold pieces at shops.

Inventory:

Hand Weapons
 a - a +0 war axe of flaming
 K - a +3 vampiric battleaxe (weapon)
Missiles
 I - 2 throwing nets (quivered) {!f}
Armour
 c - a +0 shield
 t - a +2 helmet (worn)
 y - a +0 pair of gloves (worn)
 B - a +3 chain mail (worn)
 D - a +0 pair of boots (worn)
Jewellery
 l - an uncursed ring of fire
 r - a ring of poison resistance (left hand)
 F - a +4 ring of protection (right hand)
 J - a +2 amulet of reflection (around neck)
 U - a +3 ring of protection
 V - an uncursed ring of wizardry {unknown}
Wands
 q - a wand of enslavement (18)
 w - a wand of iceblast (10)
 A - a wand of flame (46)
 C - a wand of polymorph (53)
 E - a wand of digging (8)
 L - a wand of scattershot (9)
 M - a wand of disintegration (19)
Scrolls
 f - 5 scrolls of teleportation {@r3}
 k - a scroll of fear
 s - 5 scrolls of magic mapping {@r5}
 v - 4 scrolls of blinking {@r4}
 x - 8 scrolls of remove curse {@r2}
 G - a scroll of fog
 P - 4 scrolls of enchant armour
 S - 3 scrolls of identify {@r1}
 T - a scroll of immolation
Potions
 d - 7 potions of might {@q3}
 g - a potion of resistance
 h - a potion of flight
 i - 2 potions of cancellation
 j - a potion of agility {@q5}
 m - 4 potions of lignification {@q6}
 n - 5 potions of brilliance
 o - 2 potions of mutation
 p - 5 potions of heal wounds {@q2}
 u - 4 potions of haste {@q4}
 z - 5 potions of curing {@q1}
 N - a potion of ambrosia
 O - 2 potions of magic
 Q - a potion of invisibility
 R - 2 potions of berserk rage
Miscellaneous
 b - a lamp of fire
 H - a lightning rod (4/4)
 W - a box of beasts
Comestibles
 e - 43 rations
 X - 19 chunks of flesh


   Skills:
 + Level 9.6 Fighting
 * Level 14.7 Axes
 + Level 11.1 Armour
 + Level 10.6 Dodging
 - Level 7.4 Shields
 + Level 15.9 Invocations
 + Level 3.8 Evocations


You had 13 spell levels left.
You didn't know any spells.
Your spell library contained the following spells:

 Spells                   Type           Power        Failure   Level  Hunger
 Animate Skeleton         Necr           N/A          88%         1    ##.....
 Infusion                 Chrm           #...         88%         1    ##.....
 Magic Dart               Conj           #...         88%         1    ##.....
 Pain                     Necr           #...         88%         1    ##.....
 Blink                    Tloc           N/A          96%         2    ###....
 Call Imp                 Summ           #.......     96%         2    ###....
 Shroud of Golubria       Chrm/Tloc      #.....       96%         2    ###....
 Slow                     Hex            #.......     96%         2    ###....
 Song of Slaying          Chrm           #.......     96%         2    ###....
 Conjure Flame            Conj/Fire      #.......     99%         3    ####...
 Mephitic Cloud           Conj/Pois/Air  #.......     99%         3    ####...
 Spectral Weapon          Hex/Chrm       #.......     99%         3    ####...
 Vampiric Draining        Necr           #.........   99%         3    ####...
 Animate Dead             Necr           N/A          100%        4    #####..
 Bolt of Magma            Conj/Fire/Erth #.........   100%        5    ######.
 Iskenderun's Battlesphe  Conj/Chrm      #.......     100%        5    ######.
 Venom Bolt               Conj/Pois      #.........   100%        5    ######.
 Iron Shot                Conj/Erth      #.........   100%        6    #######
 Orb of Destruction       Conj           #.........   100%        7    #######
 Spellforged Servitor     Conj/Summ      #.........   100%        7    #######
 Regeneration             Chrm/Necr      Unusable     N/A         3    N/A

Dungeon Overview and Level Annotations

Branches:
Dungeon (11/15)            Temple (1/1) D:4            Lair (6/6) D:8
  Swamp (0/4) Lair:2        Snake (0/4) Lair:3        Slime (0/5) Lair:6
    Orc (1/2) D:9           Sewer (visited)           IceCv (1/1)

Altars:
Ashenzari
Dithmenos
Fedhas
Makhleb
Okawaru
Qazlal
Ru
Sif Muna
Trog
Uskayaw
Jiyva

Shops:
D:10 (

Annotations:
D:3 1 runed translucent door, exclusion: 2 goblins, bmj180's ghost, amateur DrCj
D:6 2 transporters, 4 runed translucent doors, Leeroy's ghost, novice DrSk
D:8 1 runed translucent door, Leeroy's ghost, novice DrCj IceCv 1 exclusion


Innate Abilities, Weirdness & Mutations

You are resistant to damage.
You can heal yourself by infusing magical energy.
You resist negative energy. (rN+)
You passively map the area around you.
You do not regenerate.


Message History

Your Executioner hits the polar bear.
Your Executioner hits the polar bear but does no damage.
The death yak gores your Executioner!!
The frost giant points at you and mumbles some strange words.
The bolt of cold hits your Executioner!!
Your Executioner resists.
Your Executioner dies!
The bolt of cold hits you!!
The polar bear growls angrily.
You slash the polar bear!
The polar bear is severely wounded.
You slash the polar bear!
You kill the polar bear!
Makhleb accepts your kill.
You barely miss the polar bear. The polar bear misses you.
The polar bear claws you but does no damage. x2
You slash the death yak!
You feel better.
The death yak is lightly wounded.
You hit the polar bear.
You feel better.
The polar bear bites you but does no damage.
The polar bear claws you but does no damage. x2
You slice the polar bear!!
The polar bear is heavily wounded.
You slash the death yak!
You hit the frost giant but do no damage.
You block the polar bear's attack. The polar bear barely misses you.
The polar bear claws you but does no damage.
The death yak gores you but does no damage.
The frost giant hits you with a +2 battleaxe of freezing!!
The frost giant freezes you!
* * * LOW HITPOINT WARNING * * *
You are too injured to fight recklessly!
You are too injured to fight recklessly!
You are too injured to fight recklessly!
You are too injured to fight recklessly!
You are too injured to fight recklessly!
You are too injured to fight recklessly!
You are too injured to fight recklessly!
You are too injured to fight recklessly!
You are too injured to fight recklessly!
You are too injured to fight recklessly!
You are too injured to fight recklessly!
You are too injured to fight recklessly!
You are too injured to fight recklessly!
You are too injured to fight recklessly!
You are too injured to fight recklessly!
You are too injured to fight recklessly!
You are too injured to fight recklessly!
You are too injured to fight recklessly!
You are too injured to fight recklessly!
You are too injured to fight recklessly!
The death yak barely misses you.
A demon appears!
The death yak gores you but does no damage.
The death yak gores your balrug!
Your balrug barely misses the death yak.
You hit the frost giant.
You feel better.
The frost giant is lightly wounded.
Your balrug hits the death yak with a +3 demon whip!!
The death yak is engulfed in flames!!
The death yak gores your balrug!
The frost giant hits you with a +2 battleaxe of freezing!
* * * LOW HITPOINT WARNING * * *
The frost giant freezes you.
* * * LOW HITPOINT WARNING * * *
The frost giant hits your balrug with a +2 battleaxe of freezing!!
The frost giant freezes your balrug!
You hit the frost giant but do no damage.
The frost giant is lightly wounded.
Your balrug hits the frost giant but does no damage.
The death yak gores your balrug!
You slash the frost giant!
You feel better.
The frost giant is lightly wounded.
Your balrug hits the frost giant with a +3 demon whip.
The frost giant is engulfed in flames!!
The frost giant hits you with a +2 battleaxe of freezing.
The frost giant freezes you.
The frost giant closely misses your balrug.
The death yak gores your balrug!!
Your balrug dies!
You hit the frost giant.
You feel better.
The frost giant is heavily wounded.
The frost giant casts a spell at you. The bolt of cold hits you.
* * * LOW HITPOINT WARNING * * *
Your magical essence is drained by the effort!
You feel much better.
The frost giant gestures at you while chanting.
The bolt of cold hits you!!!
* * * LOW HITPOINT WARNING * * *
The death yak misses you.
You slash the frost giant!
You feel better.
The frost giant is heavily wounded.
You hit the death yak.
The frost giant hits you but does no damage.
The death yak gores you!
* * * LOW HITPOINT WARNING * * *
You slash the frost giant!
The frost giant is severely wounded.
You hit the death yak. The death yak gores you!!
You die...

⌠..###...#....######≈≈≈####..##
..## ###...#### #≈≈≈####...#≈
#..# #######..##≈≈≈≈≈≈≈##..###
..####..####(#.##≈≈≈≈≈≈≈##..#####
##..#.##..#.#.≈≈≈≈≈≈≈≈≈≈###..##☼○
###.#####..##.#≈≈≈≈≈≈≈≈#..###○☼○
### ###...##≈≈≈≈≈≈##...##☼°§
###..###≈≈≈##..####### ##Y@# ≈≈
###.###≈≈≈ ###hC## ≈ ≈ ##..#≈≈≈
*#.hY## ≈≈≈≈ #...#### * #....## ≈
≈ ≈≈###...## *#.....#* ≈ * ###...
* ...... * ≈≈≈ ≈≈≈ #### ...... *
≈ #...., , ,, ≈ * * , ####. , , *
≈≈


You could see a frost giant, a death yak, 2 polar bears and a yak.

Vanquished Creatures
  2 hydras
  A two-headed ogre (D:11)
  A catoblepas (Lair:6)
  5 death yaks
  2 skeletal warriors
  An unseen horror (D:11)
  2 swamp dragons (Lair:4)
  Pikel (D:5)
  2 manticores (D:11)
  2 ugly things (D:11)
  12 elephants
  2 cyclopes
  An ice statue (IceCv)
  A centaur zombie (D:11)
  5 black mambas
  A torpor snail (Lair:6)
  8 komodo dragons
  9 spiny frogs
  6 rime drakes
  19 polar bears
  4 trolls
  A slime creature (Lair:4)
  A tyrant leech (Lair:2)
  7 hornets
  13 blink frogs
  2 hippogriffs
  10 spriggans
  Sigmund (D:3)
  A wyvern (D:11)
  53 yaks
  3 basilisks
  A vampire mosquito (Lair:4)
  6 nagas (Lair:3)
  4 swamp worms
  A warg (Orc:1)
  12 water moccasins
  9 porcupines
  A swamp drake (Lair:4)
  8 orc warriors
  An ice beast (D:9)
  A necrophage (D:10)
  3 phantoms
  2 sky beasts
  3 black bears
  6 ogres
  45 wolves
  5 boggarts (Lair:6)
  2 centaurs
  10 crocodiles
  3 big kobolds
  12 bullfrogs
  A gnoll sergeant (Orc:1)
  3 scorpions
  14 killer bees
  4 wights (D:10)
  An electric eel (Lair:3)
  5 howler monkeys
  2 crimson imps
  3 bullfrog zombies
  A quasit (D:6)
  15 orc priests
  5 hounds
  A jelly (D:7)
  2 gnoll shamans
  13 orc wizards
  A bullfrog skeleton (D:7)
  Jessica (D:3)
  Ijyb (D:5)
  3 iguanas
  16 worker ants
  A hound skeleton (D:6)
  Robin (D:2)
  A worker ant zombie (D:10)
  21 gnolls
  24 adders
  6 shadow imps
  12 white imps (Orc:1)
  9 oozes
  An adder skeleton (D:7)
  4 worms
  2 dart slugs
  12 leopard geckos
  65 orcs
  17 ball pythons
  9 bats
  15 giant cockroaches
  15 goblins
  12 hobgoblins
  21 jackals
  2 quokkas
  22 frilled lizards
  A giant cockroach zombie (D:6)
  2 jackal skeletons (D:4)
  21 kobolds
  2 quokka skeletons (D:6)
  8 rats
  2 fungi
  3 plants
717 creatures vanquished.

Vanquished Creatures (collateral kills)
  3 hydras
  2 alligators (Lair:4)
  A black mamba (Lair:6)
  A spiny frog (Lair:6)
  2 polar bears (IceCv)
  4 blink frogs (Lair:6)
  A basilisk (Lair:1)
  A water moccasin (Lair:1)
  A wolf (Lair:6)
  A bullfrog (Lair:1)
  A plant (Lair:4)
18 creatures vanquished.

Vanquished Creatures (others)
  A polar bear (IceCv)
  2 yaks (IceCv)
  3 wolves (IceCv)
  An iguana (D:5)
  A leopard gecko (D:5)
  3 orcs (D:5)
  A ball python (D:5)
  8 fungi
  7 plants
27 creatures vanquished.

Grand Total: 762 creatures vanquished

Notes
Turn   | Place    | Note
-------+----------+-------------------------------------------
     0 | D:1      | EnegeticOcto the Deep Dwarf Fighter began the quest for the
                  | Orb.
     0 | D:1      | Reached XP level 1. HP: 20/20 MP: 1/1
   112 | D:1      | Reached XP level 2. HP: 22/27 MP: 2/2
   320 | D:1      | Reached skill level 1 in Dodging
   323 | D:1      | Reached XP level 3. HP: 18/33 MP: 3/3
   708 | D:2      | Reached XP level 4. HP: 28/42 MP: 4/4
  1079 | D:2      | Found a sacrificial altar of Ru.
  1079 | D:2      | Found a shattered altar of Ashenzari.
  1141 | D:2      | Noticed Robin
  1168 | D:2      | Killed Robin
  1168 | D:2      | Reached XP level 5. HP: 49/49 MP: 5/5
  1667 | D:3      | Noticed Jessica
  1673 | D:3      | Killed Jessica
  1684 | D:3      | Identified Jessica's Volume of Sinister Secrets
  1803 | D:3      | Found a runed translucent door.
  1810 | D:3      | Noticed bmj180's ghost (amateur DrCj)
  1848 | D:3      | Noticed Sigmund
  1885 | D:3      | Killed Sigmund
  1885 | D:3      | Reached XP level 6. HP: 23/56 MP: 5/5
  1890 | D:3      | Found an iron altar of Okawaru.
  2216 | D:3      | Found a faded altar of an unknown god.
  2394 | D:4      | Found a staircase to the Ecumenical Temple.
  2403 | Temple   | Entered the Ecumenical Temple
  2408 | Temple   | Became a worshipper of Makhleb the Destroyer
  2683 | D:4      | Reached skill level 5 in Axes
  2683 | D:4      | Reached skill level 1 in Invocations
  2758 | D:4      | Reached XP level 7. HP: 41/63 MP: 6/6
  2790 | D:4      | Reached * piety under Makhleb
  3177 | D:5      | Entered Level 5 of the Dungeon
  3277 | D:5      | Noticed Ijyb
  3280 | D:5      | Found a glowing drain.
  3290 | D:5      | Killed Ijyb
  3290 | D:5      | Reached skill level 2 in Invocations
  3319 | Sewer    | Entered a sewer
  3441 | Sewer    | Reached ** piety under Makhleb
  3566 | Sewer    | Reached skill level 3 in Invocations
  3651 | Sewer    | Reached skill level 5 in Shields
  3658 | Sewer    | Reached *** piety under Makhleb
  3945 | D:5      | Noticed Pikel
  3963 | D:5      | Killed Pikel
  3963 | D:5      | Reached skill level 5 in Armour
  3963 | D:5      | Reached skill level 4 in Invocations
  3963 | D:5      | Reached XP level 8. HP: 54/73 MP: 6/8
  3968 | D:5      | Reached skill level 5 in Invocations
  4196 | D:5      | Found a bloodstained altar of Trog.
  4402 | D:6      | Noticed Leeroy's ghost (novice DrSk)
  4411 | D:6      | Found a transporter.
  4441 | D:6      | Found a transporter.
  4545 | D:6      | Found a large runed translucent door.
  4545 | D:6      | Found a large runed translucent door.
  4550 | D:6      | Noticed a purple ugly thing
  4557 | D:6      | Reached **** piety under Makhleb
  4580 | D:6      | Noticed a troll
  4587 | D:6      | Reached skill level 6 in Invocations
  4611 | D:6      | Killed a troll
  4611 | D:6      | Gained mutation: You passively map the area around you.
                  | [Deep Dwarf growth]
  4611 | D:6      | Reached XP level 9. HP: 57/80 MP: 9/9
  4674 | D:6      | Reached skill level 5 in Fighting
  4686 | D:6      | Reached skill level 7 in Invocations
  4739 | D:6      | Found a large runed translucent door.
  4739 | D:6      | Found a large runed translucent door.
  5049 | D:6      | Found a stormy altar of Qazlal.
  5202 | D:7      | Reached skill level 5 in Dodging
  5393 | D:7      | Reached skill level 8 in Invocations
  5549 | D:7      | Reached ***** piety under Makhleb
  5705 | D:7      | Reached XP level 10. HP: 83/88 MP: 12/12
  6032 | D:7      | Found a blossoming altar of Fedhas.
  6217 | D:8      | Found a staircase to the Lair.
  6228 | D:8      | Found a shadowy altar of Dithmenos.
  6937 | D:8      | Found a runed translucent door.
  6938 | D:8      | Noticed Leeroy's ghost (novice DrCj)
  6939 | D:8      | Identified the +7 spear of Destiny {pierce, Str+4 Dex+4}
  7343 | D:9      | Reached skill level 9 in Invocations
  7803 | D:9      | Found a shimmering blue altar of Sif Muna.
  8051 | D:9      | Found a staircase to the Orcish Mines.
  8123 | D:10     | Entered Level 10 of the Dungeon
  8364 | D:10     | Reached skill level 10 in Invocations
  8401 | D:10     | Noticed a cyclops
  8412 | D:10     | Killed a cyclops
  8517 | D:10     | Found Inercheane's Weapon Shoppe.
  8527 | D:10     | Bought a +3 vampiric battleaxe for 438 gold pieces
  8662 | D:10     | Reached XP level 11. HP: 97/98 MP: 13/13
  8820 | D:11     | Reached skill level 10 in Axes
  8858 | D:11     | Reached ****** piety under Makhleb
  8882 | D:11     | Noticed a two-headed ogre
  8895 | D:11     | Killed a two-headed ogre
  8899 | D:11     | Killed an unseen horror
  8902 | D:11     | Reached skill level 11 in Invocations
  8936 | D:11     | Noticed a brown ugly thing
  8936 | D:11     | Noticed a white ugly thing
  8955 | D:11     | Killed a green ugly thing
  8959 | D:11     | Killed a cyan ugly thing
  9087 | D:11     | Noticed a skeletal warrior
  9087 | D:11     | Noticed a skeletal warrior
  9088 | D:11     | Noticed a skeletal warrior
  9092 | D:11     | Noticed a skeletal warrior
  9094 | D:11     | Killed a skeletal warrior
  9132 | D:10     | Killed a skeletal warrior
  9132 | D:10     | Reached skill level 12 in Invocations
  9263 | Lair:1   | Entered Level 1 of the Lair of Beasts
  9424 | Lair:1   | Reached XP level 12. HP: 109/109 MP: 14/14
 10384 | Lair:2   | Found a staircase to the Swamp.
 11181 | Lair:3   | Found a staircase to the Snake Pit.
 11399 | Lair:4   | Reached skill level 13 in Invocations
 12167 | Lair:4   | Noticed a six-headed hydra
 12167 | Lair:4   | Noticed an alligator
 12167 | Lair:4   | Noticed an alligator
 12174 | Lair:4   | Killed a six-headed hydra
 12176 | Lair:4   | Killed an alligator
 12179 | Lair:4   | Killed an alligator
 12179 | Lair:4   | Reached XP level 13. HP: 50/117 MP: 16/16
 12423 | Lair:5   | Reached skill level 14 in Invocations
 12730 | Lair:5   | Reached skill level 10 in Armour
 12928 | Lair:6   | Entered Level 6 of the Lair of Beasts
 13118 | Lair:6   | Reached skill level 15 in Invocations
 13194 | Lair:6   | Paralysed by a hornet for 2 turns
 13327 | Lair:6   | Reached skill level 10 in Dodging
 13347 | Lair:6   | Gained mutation: You resist negative energy. (rN+) [Deep
                  | Dwarf growth]
 13347 | Lair:6   | Reached XP level 14. HP: 129/129 MP: 18/18
 13668 | Lair:6   | Reached skill level 1 in Evocations
 14056 | Lair:6   | Found a viscous altar of Jiyva.
 14057 | Lair:6   | Found a staircase to the Slime Pits.
 14418 | Orc:1    | Entered Level 1 of the Orcish Mines
 14472 | Orc:1    | Found a frozen archway.
 14487 | IceCv    | Entered an ice cave
 15017 | IceCv    | Noticed a frost giant
 15040 | IceCv    | Mangled by a death yak

Levels and vault maps discovered:
D:1:      lightli_arrival_windingriver, layout_loops_ring
D:2:      layout_basic, minitemple, uniq_robin
D:3:      layout_loops_ring, kennysheep_okawaru_gauntlet,
          chequers_ecumenical_altar_twisty, ebering_ghost_inner_flame,
          kennysheep_jessica_study, uniq_sigmund
D:4:      layout_loops_ring, lemuel_temple_firewalk_a, first_ration
D:5:      layout_basic, cheibrodos_sewer_entry_sluice, corexii_checkpoint_a,
          trog_three_pillars_becter, uniq_ijyb, uniq_pikel
D:6:      layout_basic, nicolae_overflow_crystal_walls,
          gammafunk_ghost_stat_death, hex_large, minmay_hollow_rounded_squares
D:7:      layout_loops_corners, fedhas_altar_2
D:8:      layout_loops_corners, grunt_dithmenos_smoke_and_mirrors,
          lair_entry_dummy, ebering_ghost_funeral_grove, grunt_ogre_cave
D:9:      layout_roguey, hiddenorc1_lemuel, led_sif_book
D:10:     layout_basic, serial_shops, shop
D:11:     layout_cave_pools, serial_shops, shop
Temple:   nicolae_temple_elliptical
Lair:1:   layout_regular_city, minivault_26
Lair:2:   layout_concentric_octagons, minmay_swamp_entry_worms,
          serial_bayou_shore_b
Lair:3:   layout_chaotic_city, minmay_snake_entry_guardpost_medium,
          minmay_lindwurm_lava, serial_bayou_shore_a
Lair:4:   onia_ninara_swampy_vault, layout_regular_city, minmay_lair_drake_nest
Lair:5:   layout_hall_layers, grunt_forest_stairs_clearing, grunt_megastairs_3,
          lemuel_fruit_tree, infiniplex_staircase_pool_2, serial_bayou_shore_b
Lair:6:   minmay_lair_end_enchanted_forest, layout_cave_pods, slime_altar_1,
          serial_rivers, chequers_serial_rivers_marsh,
          chequers_serial_rivers_large_a, chequers_serial_rivers_marsh,
          chequers_serial_rivers_room_b, chequers_serial_rivers_room_a,
          st_stairs_9, lemuel_fruit_fields, infiniplex_staircase_pool
Orc:1:    layout_caves, portal_ice_cave_entry_imps, basic_altar
IceCv:    ice_cave_caverns_02

Skill      XL: |  1  2  3  4  5  6  7  8  9 10 11 12 13 14 |
---------------+-------------------------------------------+-----
Dodging        | 1 2 3 4 5 6 7 9 10 | 10.6
Fighting       | 3 4 5 6 7 8 9 |  9.6
Axes           | 3 4 5 6 7 8 9 11 12 13 14 | 14.7
Shields        | 4 5 6 7 |  7.4
Armour         | 4 5 6 7 8 9 10 11 | 11.1
Invocations    | 1 4 6 8 10 12 13 15 | 15.9
Evocations     | 3 |  3.8

Action                   |  1- 3 |  4- 6 |  7- 9 | 10-12 | 13-15 || total
-------------------------+-------+-------+-------+-------+-------++-------
Melee: War axe           |   141 |   375 |   629 |   517 |       ||  1662
       Battleaxe         |       |       |       |   561 |   812 ||  1373
Invok: Lesser Servant of |       |       |       |     1 |     2 ||     3
       Greater Servant o |       |       |       |     1 |     5 ||     6
       Major Destruction |       |       |       |       |     3 ||     3
 Abil: Heal Wounds       |     3 |     5 |     5 |    13 |     5 ||    31
Evoke: Wand              |       |       |       |     2 |     2 ||     4
       Lamp of fire      |       |       |       |       |     1 ||     1
  Use: Scroll            |     2 |     4 |     7 |     9 |     6 ||    28
 Stab: Distracted        |       |       |       |       |     1 ||     1
  Eat: Chunk             |       |     8 |    11 |    19 |    12 ||    50
       Ration            |       |       |       |     1 |       ||     1
Armor: Scale mail        |    80 |   196 |   142 |       |       ||   418
       Chain mail        |       |       |   225 |   795 |   882 ||  1902
Dodge: Dodged            |    64 |   172 |   294 |   609 |   929 ||  2068
Block: Shield            |   115 |   252 |   407 |   348 |       ||  1122
       Other             |       |       |       |    48 |    82 ||   130
       Reflection        |       |       |       |     3 |       ||     3

Table legend:
 A = Non-vault XP
 B = Vault XP
 C = Vault XP percentage of total XP
 D = Non-vault monster count
 E = Vault monster count
 F = Vault count percentage of total count
                 A         B        C        D         E       F
            +---------+---------+-------+---------+---------+-------
      Total |   57271 |   30049 |  34.4 |     492 |     241 |  32.9
            +---------+---------+-------+---------+---------+-------
        D:1 |      55 |       0 |   0.0 |      31 |       0 |   0.0
        D:2 |     136 |      29 |  17.6 |      30 |       8 |  21.1
        D:3 |      56 |     251 |  81.8 |      18 |       3 |  14.3
        D:4 |     227 |       0 |   0.0 |      19 |       0 |   0.0
        D:5 |     601 |     613 |  50.5 |      23 |       6 |  20.7
        D:6 |    1345 |     579 |  30.1 |      27 |       9 |  25.0
        D:7 |    1810 |       0 |   0.0 |      55 |       0 |   0.0
        D:8 |     563 |     122 |  17.8 |      18 |       1 |   5.3
        D:9 |    1918 |     218 |  10.2 |      34 |      17 |  33.3
       D:10 |    2894 |       0 |   0.0 |      36 |       0 |   0.0
       D:11 |    8885 |       0 |   0.0 |      40 |       0 |   0.0
     Lair:1 |    1959 |       0 |   0.0 |      11 |       0 |   0.0
     Lair:2 |    1966 |     438 |  18.2 |      10 |       2 |  16.7
     Lair:3 |    2907 |     981 |  25.2 |      15 |       6 |  28.6
     Lair:4 |    3943 |    5225 |  57.0 |      14 |      14 |  50.0
     Lair:5 |    9692 |    1605 |  14.2 |      29 |      11 |  27.5
     Lair:6 |   17350 |    9800 |  36.1 |      59 |      47 |  44.3
      Orc:1 |     964 |     127 |  11.6 |      23 |      12 |  34.3
      Sewer |       0 |     348 | 100.0 |       0 |      57 | 100.0
      IceCv |       0 |    9713 | 100.0 |       0 |      48 | 100.0
            +---------+---------+-------+---------+---------+-------
